 Dungeon Crawl Stone Soup version 0.16-a0-2150-g7556756 (webtiles) character file.

126 ztt the Chopper (level 4, -1/41 HPs)
             Began as a Minotaur Berserker on Nov 13, 2014.
             Was a Believer of Trog.
             Killed by divine providence
             ... invoked by an orc priest
              (9 damage)
             ... on level 6 of the Dungeon.
             The game lasted 00:01:44 (668 turns).

ztt the Chopper (Minotaur Berserker)                 Turns: 668, Time: 00:01:45

Health: -1/41      AC:  2    Str: 22    XL:     4   Next: 83%
Magic:  2/2        EV: 13    Int:  4    God:    Trog [**....]
Gold:   65         SH:  0    Dex: 10    Spells: 0 memorised, 3 levels left

rFire  . . .     SeeInvis .     a - +0 hand axe
rCold  . . .     Clarity  .     b - +0 animal skin
rNeg   . . .     SustAb   .     (no shield)
rPois  .         Gourm    .     (helmet restricted)
rElec  .         Spirit   .     (no cloak)
rCorr  .         Warding  .     (no gloves)
rMut   .         Stasis   .     (no boots)
MR     .....                    (no amulet)
Stlth  +.........               (no ring)
                                (no ring)

@: not resistant to hostile enchantments, very unstealthy
A: retaliatory headbutt, horns 2
a: Burn Spellbooks, Berserk, Trog's Hand, Renounce Religion


You were on level 6 of the Dungeon.
You worshipped Trog.
Trog was pleased with you.
You were not hungry.

You visited 1 branch of the dungeon, and saw 6 of its levels.

You collected 65 gold pieces.

Inventory:

Hand weapons
 a - a +0 hand axe (weapon)
Armour
 b - a +0 animal skin (worn)
Scrolls
 e - a scroll of identify {unknown}
 f - a scroll of enchant armour {unknown}
 g - a scroll of amnesia {unknown}
Potions
 d - a potion of heal wounds {unknown}
 h - a potion of brilliance {unknown}
 i - a potion of curing {unknown}
Comestibles
 c - 2 bread rations
 j - 2 chunks of flesh


   Skills:
 + Level 4.3 Fighting
 + Level 5.1 Axes
 + Level 2.6 Armour
 + Level 3.8 Dodging


You had 3 spell levels left.
You didn't know any spells.

Dungeon Overview and Level Annotations

Branches:
Dungeon (6/15)
 Temple: D:4-7

Altars:
Nemelex Xobeh
Vehumet


Innate Abilities, Weirdness & Mutations

You reflexively headbutt those who attack you in melee.
You have a pair of horns on your head.


Message History

Found a stone staircase leading up.
An orc comes into view. It is wielding a runed whip.
You hit the orc wizard but do no damage.
The orc wizard points at you and mumbles some strange words.
The magic dart hits you!
* * * LOW HITPOINT WARNING * * *
An orc comes into view. It is wielding a dagger.
There are monsters nearby!
There are monsters nearby!
You are too injured to fight recklessly!
You are too injured to fight recklessly!
You are too injured to fight recklessly!
Unknown command.
You hit the orc wizard.
The orc wizard is lightly wounded.
The orc wizard hits you with a dagger.
* * * LOW HITPOINT WARNING * * *
The orc priest calls down the wrath of Beogh upon you.
Something smites you!
You die...

##. <.## ...
...# .. ...#
#.##.o# #
..#.o# #.
#.#o.#
#!.##.#..#
#..o..o..#
#####@####
###.######
#.....##.##
#.....#...##
#.........<#
#.....#...##
#.....##.##
########...
#####


You could see an orc warrior, an orc priest, 2 orc wizards and an orc.

Vanquished Creatures
  2 giant frog skeletons (D:5)
  3 gnolls (D:5)
  An adder (D:2)
  A shadow imp (D:5)
  A giant cockroach (D:3)
  2 goblins
  2 hobgoblins
  5 jackals
  A quokka (D:6)
  4 bats
  A giant newt (D:2)
  2 kobolds (D:2)
  A rat (D:1)
26 creatures vanquished.

Notes
Turn   | Place    | Note
--------------------------------------------------------------
     0 | D:1      | ztt, the Minotaur Berserker, began the quest for the Orb.
     0 | D:1      | Reached XP level 1. HP: 19/19 MP: 1/1
   181 | D:2      | Reached XP level 2. HP: 24/27 MP: 1/1
   183 | D:2      | Reached skill level 4 in Axes
   450 | D:3      | Acquired Trog's second power
   463 | D:5      | Entered Level 5 of the Dungeon
   465 | D:5      | Reached XP level 3. HP: 31/33 MP: 2/2
   477 | D:5      | Found a radiant altar of Vehumet.
   517 | D:5      | Found a sparkling altar of Nemelex Xobeh.
   611 | D:5      | Reached XP level 4. HP: 21/41 MP: 2/2
   613 | D:5      | Reached skill level 5 in Axes
   664 | D:6      | Noticed an orc warrior
   668 | D:6      | Killed from afar by an orc priest

Action                   |  1- 3 |  4- 6 || total
-------------------------+-------+-------++-------
Melee: Hand axe          |    57 |     6 ||    63
Invok: Berserk           |     3 |       ||     3
  Eat: Chunk             |     1 |     1 ||     2
